 Dungeon Crawl Stone Soup version 0.31-a0-221-gbddc013574 (webtiles) character file.

Game seed: 11262678895167374457

114 qw the Shooter (level 4, 0/36 HPs)
             Began as a Minotaur Hexslinger on July 4, 2023.
             Slain by a wraith (8 damage)
             ... in an ossuary.
             The game lasted 00:00:56 (2069 turns).

qw the Shooter (Minotaur Hexslinger)                Turns: 2069, Time: 00:00:56

Health: 0/36       AC:  5    Str: 13    XL:     4   Next: 67%
Magic:  4/4        EV: 11    Int: 10    God:
Gold:   192        SH:  0    Dex: 14    Spells: 4/5 levels left

rFire   . . .        Y - +1 sling
rCold   + . .        (no shield)
rNeg    . . .        a - +0 ring mail
rPois   .            (helmet restricted)
rElec   .            (no cloak)
rCorr   .            (no gloves)
SInv    .            (no boots)
Will    .....        f - amulet of faith
Stlth   +            c - ring of protection from cold
HPRegen 0.26/turn    (no ring)
MPRegen 0.09/turn

%: faith
@: slowed, very slow
A: horns 2, retaliatory headbutt
a: no special abilities


You were in an ossuary.
You visited 1 branch of the dungeon, and saw 4 of its levels.
You also visited: Ossuary.

You collected 192 gold pieces.


Innate Abilities, Weirdness & Mutations

You have a pair of horns on your head.
You reflexively headbutt those who attack you in melee.


   Skills:
 + Level 2.1 Fighting
 - Level 5.0 Ranged Weapons
 - Level 1.2 Armour
 - Level 2.1 Dodging
 - Level 1.0 Spellcasting
 - Level 2.0 Hexes


You had 4 spell levels left.
You knew the following spells:

 Your Spells              Type           Power      Damage    Failure   Level
a - Slow                  Hex            16%        N/A       32%         1

Your spell library contained the following spells:

 Spells                   Type           Power      Damage    Failure   Level
 Inner Flame              Hex/Fire       2%         N/A       82%         3
 Portal Projectile        Hex/Tloc       4%         N/A       82%         3
 Cause Fear               Hex            2%         N/A       97%         4

Inventory:

Hand Weapons
 Y - a +1 sling (weapon)
Armour
 a - a +0 ring mail (worn)
Jewellery
 c - a ring of protection from cold (left hand)
 f - an amulet of faith (around neck)
Scrolls
 b - a scroll of identify
Potions
 d - a potion of curing
 e - a potion of brilliance {unknown}
 g - 3 potions of haste
 h - 2 potions of might
 i - a potion of lignification {unknown}

Dungeon Overview and Level Annotations

Branches:
Dungeon (4/15)            Ossuary (1/1)
 Temple: D:4-7

Altars:
Hepliaklqana
Wu Jian


Message History

You open the door.
A wraith comes into view.
Found a clear potion.
You shoot a sling bullet.
The sling bullet closely misses the wraith.
The wraith hits you.
You shoot a sling bullet. The sling bullet hits the wraith.
The wraith is moderately damaged.
The wraith hits you but does no damage.
You shoot a sling bullet. The sling bullet hits the wraith.
The wraith is moderately damaged.
The wraith hits you! The wraith drains your vigour!
You feel yourself slow down. The wraith hits you.
The wraith drains your vigour!
You feel as though you will be slow longer.
You shoot a sling bullet.
The sling bullet hits the wraith but does no damage.
The wraith is moderately damaged.
The wraith barely misses you.
You shoot a sling bullet.
The sling bullet closely misses the wraith.
The wraith barely misses you. x2
You shoot a sling bullet.
The sling bullet hits the wraith but does no damage.
The wraith is moderately damaged.
The wraith closely misses you. The wraith hits you!
You shoot a sling bullet.
The sling bullet hits the wraith but does no damage.
The wraith is moderately damaged.
The wraith barely misses you. You furiously retaliate!
You headbutt the wraith! The wraith completely misses you.
You shoot a sling bullet.
The sling bullet hits the wraith but does no damage.
The wraith is heavily damaged.
The wraith completely misses you. You furiously retaliate!
You headbutt the wraith. The wraith barely misses you.
You shoot a sling bullet.
The sling bullet hits the wraith but does no damage.
The wraith is severely damaged.
The wraith hits you!
You die...

...............##.....##
.#.............###...##
#.......####..# ##.##
#...8....'.#..# ###
#.......####..# #W#
...............# ###
.#..#.#........#
#..#+#..####..# #.
#..@W!# .# #..####
...... ........
#########


You could see a wraith.

Vanquished Creatures
  4 adders
  4 worms
  7 endoplasms
  4 giant cockroaches
  7 goblins
  7 hobgoblins
  3 jackals (D:2)
  2 kobolds
  9 ball pythons
  7 bats
  3 frilled lizards
  A gnoll zombie (Ossuary)
  A goblin zombie (Ossuary)
  A hobgoblin zombie (Ossuary)
  2 kobold zombies (Ossuary)
  4 rats
66 creatures vanquished.

Notes
Turn   | Place    | Note
-------+----------+-------------------------------------------
     0 | D:1      | qw the Minotaur Hexslinger began the quest for the Orb.
     0 | D:1      | Reached XP level 1. HP: 16/16 MP: 1/1
     0 | D:1      | 0 ||| qw: Version: 0.3-a-41-g9d075ac
     0 | D:1      | 0 ||| qw: Game counter: 746
     0 | D:1      | 0 ||| qw: Melee chars always use a shield: true
     0 | D:1      | 0 ||| qw: God list: Okawaru
     0 | D:1      | 0 ||| qw: Allow faded altars: false
     0 | D:1      | 0 ||| qw: Do Orc after clearing Dungeon:15 true
     0 | D:1      | 0 ||| qw: Do second Lair branch before Depths: true
     0 | D:1      | 0 ||| qw: Lair rune preference: random
     0 | D:1      | 0 ||| qw: Goals: Normal
     0 | D:1      | 0 ||| PLANNING D:1-11
    88 | D:1      | Reached skill level 3 in Ranged Weapons
   132 | D:1      | Reached XP level 2. HP: 23/23 MP: 2/2
   212 | D:1      | Found a faded altar of an unknown god.
   593 | D:1      | 593 ||| READING scroll labelled JOTSERGH KEUTUF.
   594 | D:1      | 594 ||| READING scroll labelled NANLEME QAYF.
   597 | D:1      | 597 ||| READING scroll labelled ONNI WEOBYO.
   598 | D:1      | 598 ||| DRINKING 2 grey potions.
   599 | D:1      | 599 ||| DROPPING scroll of poison.
   606 | D:2      | Found an ornate altar of the Wu Jian Council.
   612 | D:2      | 612 ||| STAIRDANCE
   618 | D:1      | Reached XP level 3. HP: 27/29 MP: 3/3
   633 | D:2      | 633 ||| STAIRDANCE
   734 | D:2      | Reached skill level 4 in Ranged Weapons
   978 | D:2      | 978 ||| FLEEEEING.
   980 | D:2      | 980 ||| FLEEEEING.
  1036 | D:2      | 1036 ||| UPGRADING to +0 ring mail.
  1046 | D:2      | 1046 ||| DROPPING +0 robe.
  1047 | D:2      | 1047 ||| READING scroll labelled LOZXA LODYUMA.
  1048 | D:2      | 1048 ||| READING scroll labelled ESMEUR ZUFIXE.
  1049 | D:2      | 1049 ||| READING scroll labelled BOFAAKK OJIMN.
  1050 | D:2      | 1050 ||| READING 2 scrolls of identify.
  1050 | D:2      | 1050 ||| IDENTIFYING inky potion
  1126 | D:3      | Reached XP level 4. HP: 36/36 MP: 4/4
  1218 | D:3      | Found a hazy altar of Hepliaklqana.
  1383 | D:3      | Reached skill level 1 in Armour
  1906 | D:3      | 1906 ||| UPGRADING to amulet of faith.
  1911 | D:3      | 1911 ||| READING scroll labelled LUICKIJOSO.
  1912 | D:3      | 1912 ||| READING 2 scrolls of identify.
  1912 | D:3      | 1912 ||| IDENTIFYING yellow potion
  1920 | D:4      | 1920 ||| PLANNING OSSUARY
  1993 | D:4      | Found a sand-covered staircase.
  1994 | D:4      | 1994 ||| UPGRADING to ring of protection from cold.
  2003 | D:4      | Reached skill level 5 in Ranged Weapons
  2006 | Ossuary  | Entered an ossuary
  2006 | Ossuary  | Noticed a wraith
  2006 | Ossuary  | Noticed a wraith
  2006 | Ossuary  | Noticed a wraith
  2060 | Ossuary  | Noticed a wraith
  2066 | Ossuary  | HP: 6/36 [wraith (12)]
  2069 | Ossuary  | Slain by a wraith

Levels and vault maps discovered:
D:1:      dpeg_arrival_pits, layout_loops_ring,
          hellmonk_ecumenical_altar_heavens_door
D:2:      layout_rooms, basic_altar
D:3:      layout_loops_corners, nicolae_hepliaklqana_hazy_memory, minmay_vboxes
D:4:      lemuel_castle_with_subvaults [lemuel_castle_interior_original],
          layout_cave_pods, tso_altar, mainiacjoe_overflow_small_starburst,
          nicolae_ossuary_entry_plus, uniq_grinder, uniq_natasha
Ossuary:  ossuary_kennysheep_city_of_the_dead

Skill      XL: |  1  2  3  4 |
---------------+-------------+-----
Ranged Weapons | 3 4 5 |  5.0
Fighting       | 2 |  2.1
Armour         | 1 |  1.2
Dodging        | |  2.1
Spellcasting   | |  1.0
Hexes          | |  2.0

Action                     |  1- 3 |  4- 6 || total
---------------------------+-------+-------++-------
   Fire: Sling             |   113 |    96 ||   209
    Use: Scroll            |     7 |     2 ||     9
         Potion            |     1 |       ||     1
 Armour: Robe              |    12 |       ||    12
         Ring mail         |       |    21 ||    21
  Dodge: Dodged            |    26 |    34 ||    60

Table legend:
 A = Non-vault XP
 B = Vault XP
 C = Vault XP percentage of total XP
 D = Non-vault monster count
 E = Vault monster count
 F = Vault count percentage of total count
                 A         B        C        D         E       F
            +---------+---------+-------+---------+---------+-------
      Total |     142 |      22 |  13.4 |      58 |       8 |  12.1
            +---------+---------+-------+---------+---------+-------
        D:1 |      39 |       0 |   0.0 |      19 |       0 |   0.0
        D:2 |      56 |       0 |   0.0 |      24 |       0 |   0.0
        D:3 |      39 |      17 |  30.4 |      12 |       3 |  20.0
        D:4 |       8 |       0 |   0.0 |       3 |       0 |   0.0
    Ossuary |       0 |       5 | 100.0 |       0 |       5 | 100.0
            +---------+---------+-------+---------+---------+-------
